AoeStats
← AxingQuestions

Arabia

503294129Analyzed
1v1 RM · 1mo ago on Aug 31, 2026· 36m 13s· 2 players
Game mode
Random Map
Map size
Tiny (2 player)
Population
200
Speed
Normal
Resources
Standard
Victory
Conquest
Starting age
Dark Age
Ending age
Imperial Age
RankedLock teamsTeams togetherTeam positionsShared explorationLock speedFull tech treeHidden civsTurbo modeCheats
Victory
Defeat
🇨🇴 Mongols · Colombia
1264
+14
🇺🇸 Bohemians · United States
1213
-14
AxingQuestions
4:07 Loom
10:32 Feudal Age
15:51 Castle Age
15:00 Double-Bit Axe
28:45 Fletching
29:52 Man-at-Arms
32:57 Bow Saw
RacNas8881
6:37 Loom
9:08 Feudal Age
22:33 Castle Age
20:27 Double-Bit Axe
22:46 Scale Barding Armor
23:15 Bloodlines
23:37 Husbandry
23:02 Light Cavalry
23:52 Bloodlines
25:03 Chain Barding Armor
31:44 Forging
32:29 Horse Collar
Connection lost

Rejoining the realm…

Still unreachable

The connection could not be restored.

Session expired

The server has moved on; the page needs a fresh start.